 Dungeon Crawl Stone Soup version 0.29-a0-284-gf9362112df (webtiles) character file.

Game seed: 9859930395802460628

182 Dvallin the Bolt Thrower (level 5, -1/38 HPs)
             Began as a Formicid Hunter on Mar 23, 2022.
             Was a Believer of Lugonu.
             Slain by Natasha (6 damage)
             ... on level 3 of the Dungeon.
             The game lasted 00:03:50 (1677 turns).

Dvallin the Bolt Thrower (Formicid Hunter)          Turns: 1677, Time: 00:03:51

Health: -1/38      AC:  4    Str: 16    XL:     5   Next: 93%
Magic:  6/6        EV: 12    Int:  8    God:    Lugonu [**....]
Gold:   92         SH:  0    Dex: 16    Spells: 4/4 levels left

rFire   . . .      SeeInvis +   a - +1 hand crossbow
rCold   . . .      Faith    .   (no shield)
rNeg    . . .      Spirit   .   b - +0 leather armour
rPois   .          Reflect  .   (helmet unavailable)
rElec   .          Harm     .   (no cloak)
rCorr   .          Rampage  .   g - +0 pair of gloves
Will    .....                   (no boots)
Stlth   ++........              (no amulet)
HPRegen 0.12/turn               (no ring)
MPRegen 0.10/turn               (no ring)

@: no status effects
A: permanent stasis, dig shafts and tunnels, antennae 3, four strong arms
a: Dig, Shaft Self, Renounce Religion, Depart the Abyss, Bend Space


You were on level 3 of the Dungeon.
You worshipped Lugonu.
Lugonu was pleased with you.
You visited 1 branch of the dungeon, and saw 3 of its levels.

You collected 92 gold pieces.

Inventory:

Hand Weapons
 a - a +1 hand crossbow (weapon)
Armour
 b - a +0 leather armour (worn)
 g - a +0 pair of gloves (worn)
 s - an orb of mayhem
Jewellery
 d - an amulet of regeneration
 l - a +6 ring of strength
Scrolls
 c - 2 scrolls of immolation
 e - a scroll of vulnerability {unknown}
 f - 3 scrolls of enchant weapon {unknown}
 j - 3 scrolls of identify {unknown}
 k - a scroll of fear {unknown}
 n - a scroll of amnesia {unknown}
 o - a scroll of teleportation {unknown}
 p - a scroll of silence {unknown}
 q - a scroll of enchant armour {unknown}
Potions
 h - a potion of haste {unknown}
 i - a potion of curing
 m - a potion of flight {unknown}
 r - a potion of brilliance


   Skills:
 - Level 2.1 Fighting
 * Level 6.2 Crossbows
 - Level 1.7 Dodging
 - Level 1.2 Stealth
 + Level 2.5 Invocations


You had 4 spell levels left.
You didn't know any spells.
Your spell library contained the following spells:

 Spells                   Type           Power      Damage    Failure   Level
 Conjure Flame            Conj/Fire      0%         6-21      85%         3
 Ignite Poison            Fire/Tmut/Pois 0%         N/A       85%         3
 Sticky Flame             Conj/Fire      0%         2d3       99%         4


Dungeon Overview and Level Annotations

Branches:
Dungeon (3/15)

Altars:
Lugonu

Annotations:
D:3 Natasha


Innate Abilities, Weirdness & Mutations

You cannot be hasted, slowed, berserked, paralysed or teleported.
You can dig through walls and to a lower floor.
You have a pair of large antennae on your head. (SInv)
Your four strong arms can wield two-handed weapons with a shield.


Message History

Shoot: a) +1 hand crossbow
Press: ? - help, Q - select action, (/) - cycle Shift-Dir - straight line, f - Natasha
Aim: Natasha (wandering, hasn't noticed you, 60% to hit)
You shoot a bolt.
Natasha hisses angrily.
The bolt hits Natasha!
Natasha is heavily wounded.
Natasha extends her claws.
Shoot: a) +1 hand crossbow
Press: ? - help, Q - select action, (/) - cycle Shift-Dir - straight line, f/p - Natasha
Aim: Natasha (heavily wounded, 60% to hit)
You shoot a bolt.
The bolt hits Natasha but does no damage.
Natasha is heavily wounded.
Shoot: a) +1 hand crossbow
Press: ? - help, Q - select action, (/) - cycle Shift-Dir - straight line, f/p - Natasha
Aim: Natasha (heavily wounded, 60% to hit)
You shoot a bolt. The bolt hits Natasha.
Natasha is heavily wounded.
You feel a little less clever now.
Shoot: a) +1 hand crossbow
Press: ? - help, Q - select action, (/) - cycle Shift-Dir - straight line, f/p - Natasha
Aim: Natasha (heavily wounded, 60% to hit)
You shoot a bolt. The bolt closely misses Natasha.
Natasha casts a spell at you. The magic dart hits you.
* * * LOW HITPOINT WARNING * * *
Shoot: a) +1 hand crossbow
Press: ? - help, Q - select action, (/) - cycle Shift-Dir - straight line, f/p - Natasha
Aim: Natasha (heavily wounded, 60% to hit)
You shoot a bolt. The bolt closely misses Natasha.
Natasha wildly gestures.
Natasha glows brightly for a moment.
Natasha barely misses you.
Shoot: a) +1 hand crossbow
Press: ? - help, Q - select action, (/) - cycle Shift-Dir - straight line, f/p - Natasha
Aim: Natasha (heavily wounded, 60% to hit)
You shoot a bolt. The bolt barely misses Natasha.
Natasha claws you.
You die...

...# .. #.# .. ##.#{{
... #.# ... #.# ....
#.# ...† #.# {
.....##.##..... ...
...).÷.))).)?.. ... #)#
..... #)# ##### #h####
# #.@..#
##################)#
'........)))...).).####
#################.....#
# ##.##.# #..# # ##.#
.. #.#


You could see Natasha.

Vanquished Creatures
  An iguana (D:3)
  Terence (D:3)
  An orc wizard (D:3)
  Natasha (D:3)
  Robin (D:3)
  An adder (D:2)
  A worm (D:2)
  A dart slug (D:1)
  2 orcs (D:3)
  4 endoplasms
  3 giant cockroaches
  14 goblins
  A hobgoblin (D:2)
  6 kobolds
  2 quokkas (D:1)
  5 ball pythons
  4 bats
  3 frilled lizards
  2 rats (D:1)
54 creatures vanquished.

Notes
Turn   | Place    | Note
-------+----------+-------------------------------------------
     0 | D:1      | Dvallin the Formicid Hunter began the quest for the Orb.
     0 | D:1      | Reached XP level 1. HP: 16/16 MP: 1/1
   205 | D:1      | Reached XP level 2. HP: 22/22 MP: 2/2
   695 | D:2      | Reached XP level 3. HP: 25/27 MP: 3/3
   814 | D:2      | Reached skill level 5 in Crossbows
   917 | D:2      | Found a faded altar of an unknown god.
   939 | D:2      | Prayed at the altar of an unknown god.
   939 | D:2      | Became a worshipper of Lugonu the Unformed
   939 | D:2      | Reached * piety under Lugonu
   939 | D:2      | Reached ** piety under Lugonu
  1062 | D:3      | Noticed Natasha
  1064 | D:3      | Killed Natasha
  1065 | D:3      | Reached skill level 1 in Invocations
  1065 | D:3      | Reached XP level 4. HP: 33/33 MP: 4/4
  1282 | D:3      | Reached XP level 5. HP: 38/38 MP: 6/6
  1291 | D:3      | Noticed Robin
  1313 | D:3      | Killed Robin
  1437 | D:3      | Reached skill level 6 in Crossbows
  1620 | D:3      | Noticed Terence
  1658 | D:3      | Killed Terence
  1671 | D:3      | Noticed Natasha
  1677 | D:3      | Slain by Natasha

Illustrated notes

Levels and vault maps discovered:
D:1:      kilobyte_arrival_exit_the_forest, layout_rooms, minmay_vboxes
D:2:      layout_rooms, ebering_ecumenical_altar_sacrificial
D:3:      layout_basic, uniq_terence, uniq_natasha, uniq_robin, uniq_ijyb

Skill      XL: |  1  2  3  4  5 |
---------------+----------------+-----
Crossbows      | 5 6 |  6.2
Invocations    | 1 2 |  2.5
Fighting       | |  2.1
Dodging        | |  1.7
Stealth        | |  1.2

Action                   |  1- 3 |  4- 6 || total
-------------------------+-------+-------++-------
 Fire: Hand crossbow     |    58 |   104 ||   162
  Use: Potion            |       |     4 ||     4
Armor: Leather armour    |     1 |    11 ||    12
Dodge: Dodged            |     8 |    51 ||    59

Table legend: (Time is in decaauts)
 A = Elapsed time spent in this place.
 B = Non-inter-level travel time spent in this place.
 C = Inter-level travel time spent in this place.
 D = Time resting spent in this place.
 E = Time spent auto-exploring this place.
 F = Levels seen in this place.
 G = Mean time per level.
                   A        B        C        D        E       F      G
               +--------+--------+--------+--------+--------+-----+--------+
         Total |   1729 |   1687 |     42 |    157 |   1080 |   3 |  576.3 |
       Dungeon |   1729 |   1687 |     42 |    157 |   1080 |   3 |  576.3 |
               +--------+--------+--------+--------+--------+-----+--------+

Top non-repeatable levels by time:
     D:1: 686 daAuts
     D:3: 642 daAuts
     D:2: 400 daAuts
